 Dungeon Crawl Stone Soup version 0.30-b1-2-g02819fbbbe (webtiles) character file.

Game seed: 10492714498761206459

779 Anon1729 the Trooper (level 7, -11/61 HPs)
             Began as a Minotaur Monk on Aug 24, 2023.
             Mangled by Duvessa
             ... wielding a +1 short sword of electrocution
              (14 damage)
             ... on level 5 of the Dungeon.
             The game lasted 00:03:21 (4651 turns).

Anon1729 the Trooper (Minotaur Monk)                Turns: 4651, Time: 00:03:22

Health: -11/61     AC:  3    Str: 15    XL:     7   Next: 54%
Magic:  0/8        EV: 14    Int:  7    God:
Gold:   258        SH:  0    Dex: 15    Spells: 6/6 levels left

rFire   . . .        C - +1 dagger (speed)
rCold   . . .        d - orb {light}
rNeg    . . .        b - +0 robe
rPois   .            (helmet restricted)
rElec   .            (no cloak)
rCorr   .            t - +0 pair of gloves
SInv    +            (no boots)
Will    .....        m - amulet of guardian spirit
Stlth   +            p - ring of see invisible
HPRegen 0.30/turn    (no ring)
MPRegen 0.11/turn

%: guardian spirit
@: glowing
A: horns 2, retaliatory headbutt
a: no special abilities


You were on level 5 of the Dungeon.
You visited 1 branch of the dungeon, and saw 5 of its levels.
You also visited: Sewer.

You collected 258 gold pieces.

Inventory:

Hand Weapons
 C - a +1 dagger of speed (weapon)
Missiles
 a - 4 curare-tipped darts
 v - a throwing net (quivered)
Armour
 b - a +0 robe (worn)
 d - an orb of light (worn)
 t - a +0 pair of gloves (worn)
Magical Staves
 s - the staff of fire "Ryomeiw" {rF+ Will+ Dex+3}
   (You found it on level 2 of the Dungeon)

   [staff of fire]

   Base accuracy: +5 Base damage: 5 Base attack delay: 1.2 This weapon's minimum
   attack delay (0.6) is reached at skill level 12.
   Dex:       It affects your dexterity (+3).
   rF:        It protects you from fire.
   Will:      It increases your willpower.
   It falls into the 'Staves' category.
   It is a one-handed weapon.
Jewellery
 m - an amulet of guardian spirit (around neck)
 p - a ring of see invisible (left hand)
Wands
 x - a wand of flame (37)
 E - a wand of polymorph (9)
Scrolls
 c - 2 scrolls of identify
 i - a scroll of butterflies
 j - a scroll of immolation
 l - a scroll of brand weapon
 n - a scroll of fear {unknown}
 o - 3 scrolls of blinking
 u - a scroll of acquirement
 w - a scroll of teleportation
 y - a scroll of torment
 B - a scroll of enchant armour {unknown}
 D - a scroll of silence {unknown}
 F - a scroll of poison {unknown}
Potions
 e - 2 potions of invisibility {unknown}
 f - 2 potions of mutation {unknown}
 g - a potion of flight {unknown}
 h - 3 potions of brilliance
 k - 2 potions of haste {unknown}
 q - 2 potions of berserk rage {unknown}
 r - 3 potions of heal wounds {unknown}
 z - 2 potions of lignification {unknown}
 A - 2 potions of curing


   Skills:
 + Level 5.5 Fighting
 + Level 4.9 Short Blades
 + Level 3.6 Armour
 + Level 5.1 Dodging
 + Level 2.7 Stealth
 + Level 3.2 Invocations


You had 6 spell levels left.
You didn't know any spells.
Your spell library contained the following spells:

 Spells                   Type           Power      Damage    Failure   Level
 Ignite Poison            Fire/Tmut/Pois 0%         N/A       80%         3
 Sticky Flame             Conj/Fire      0%         2d3       99%         4
 Ignition                 Fire           0%         3d3       100%        8


Dungeon Overview and Level Annotations

Branches:
Dungeon (5/15)              Sewer (visited)
 Temple: D:4-7

Altars:
Trog

Annotations:
D:4 Edmund
D:5 Dowan, Duvessa, Menkaure


Innate Abilities, Weirdness & Mutations

You have a pair of horns on your head.
You reflexively headbutt those who attack you in melee.


Message History

Duvessa says, "My weaknesses are his strengths!"
Duvessa hits you with a +1 short sword of electrocution!
You are too injured to fight recklessly!
You hit Duvessa but do no damage.
Duvessa is moderately wounded.
You barely miss Duvessa.
Duvessa is moderately wounded.
Duvessa closely misses you. You furiously retaliate!
You headbutt Duvessa! You barely miss Duvessa.
Duvessa is heavily wounded.
You hit Duvessa but do no damage. You headbutt Duvessa!
Duvessa is almost dead.
Duvessa hits you with a +1 short sword of electrocution.
You hit Duvessa.
Duvessa is almost dead.
Dowan shouts!
You hit Duvessa but do no damage. You headbutt Duvessa.
Duvessa is almost dead.
Duvessa hits you with a +1 short sword of electrocution.
You hit Duvessa but do no damage.
Duvessa is almost dead.
You barely miss Duvessa. Your headbutt misses Duvessa.
Duvessa is almost dead.
Duvessa says, "When magic and the sword combine, nothing stands against them."
Duvessa hits you with a +1 short sword of electrocution.
* * * LOW HITPOINT WARNING * * *
You hit Duvessa but do no damage.
Duvessa is almost dead.
You hit Duvessa but do no damage.
Duvessa is almost dead.
Duvessa hits you with a +1 short sword of electrocution!
* * * LOW HITPOINT WARNING * * *
You barely miss Duvessa.
Duvessa is almost dead.
You hit Duvessa but do no damage.
Duvessa is almost dead.
Duvessa hits you with a +1 short sword of electrocution.
* * * LOW HITPOINT WARNING * * *
You are electrocuted!
You die...

#.## #.#.####
#.#....##
#.......##
........##
#.......# ##
#.#.......# ...
#.#...@e..#
....#.#<......#
....#.#...e..##
.....)##.....#
.......#...###
##..####
##...e..#
##...###...w..#
#.....###....##


You could see Duvessa and Dowan.

Vanquished Creatures
  Sigmund (D:3)
  2 ogres (D:5)
  3 scorpions
  Ijyb (D:3)
  2 orc wizards (D:2)
  Terence (D:3)
  9 adders
  An ufetubus (D:4)
  3 worms
  14 orcs
  A bat (D:1)
  7 endoplasms
  3 giant cockroaches
  7 goblins
  2 hobgoblins
  3 quokkas
  11 ball pythons
  6 frilled lizards
  7 kobolds
  6 rats
90 creatures vanquished.

Notes
Turn   | Place    | Note
-------+----------+-------------------------------------------
     0 | D:1      | Anon1729 the Minotaur Monk began the quest for the Orb.
     0 | D:1      | Reached XP level 1. HP: 19/19 MP: 0/0
   169 | D:1      | Reached XP level 2. HP: 26/27 MP: 1/1
   642 | D:2      | Reached skill level 1 in Armour
   642 | D:2      | Reached skill level 1 in Stealth
   642 | D:2      | Reached skill level 1 in Invocations
   642 | D:2      | Reached XP level 3. HP: 23/33 MP: 2/2
   649 | D:2      | Reached XP level 4. HP: 16/40 MP: 3/3
  1264 | D:2      | Identified the staff of fire "Ryomeiw" {rF+ Will+ Dex+3}
  1565 | D:3      | Noticed Sigmund
  1825 | D:4      | Found a glowing drain.
  1848 | Sewer    | Entered a sewer
  1929 | Sewer    | Reached XP level 5. HP: 33/47 MP: 5/5
  2687 | D:4      | Reached XP level 6. HP: 31/53 MP: 6/6
  2820 | D:4      | Found a bloodstained altar of Trog.
  3303 | D:5      | Entered Level 5 of the Dungeon
  3303 | D:5      | Noticed Edmund
  3410 | D:5      | Identified a scroll of acquirement
  3421 | D:5      | Noticed Dowan
  3422 | D:5      | Noticed Duvessa
  3637 | D:5      | Reached skill level 5 in Fighting
  3686 | D:5      | Reached XP level 7. HP: 49/61 MP: 8/8
  3738 | D:5      | Noticed Menkaure
  4071 | D:3      | Killed Sigmund
  4072 | D:3      | Reached skill level 5 in Dodging
  4129 | D:3      | Noticed Ijyb
  4148 | D:3      | HP: 1/61 [Ijyb/puff of flame (5)]
  4150 | D:3      | Killed Ijyb
  4368 | D:3      | Noticed Terence
  4373 | D:3      | Killed Terence
  4651 | D:5      | HP: 3/61 [Duvessa/+1 short sword of electrocution (5)]
  4651 | D:5      | Mangled by Duvessa

Illustrated notes

Levels and vault maps discovered:
D:1:      minmay_arrival_five_plusses, layout_loops_ring
D:2:      layout_basic, hangedman_decor_diamond_cutter
D:3:      layout_loops_ring, uniq_sigmund, uniq_ijyb, uniq_terence
D:4:      layout_cave_pools, bloody_trog, cheibrodos_sewer_entry_bend
D:5:      cheibrodos_iron_armory, layout_cave_pods, uniq_duvessa, uniq_menkaure,
          uniq_edmund

Skill      XL: |  1  2  3  4  5  6  7 |
---------------+----------------------+-----
Fighting       | 4 5 |  5.5
Armour         | 1 2 3 |  3.6
Stealth        | 1 2 |  2.7
Invocations    | 1 2 3 |  3.2
Dodging        | 4 5 |  5.1
Short Blades   | 4 |  4.9

Action                     |  1- 3 |  4- 6 |  7- 9 || total
---------------------------+-------+-------+-------++-------
  Melee: Short sword       |    59 |   196 |       ||   255
         Headbutt          |    16 |    48 |    16 ||    80
         Dagger            |       |    26 |    57 ||    83
  Evoke: Wand              |       |       |     2 ||     2
    Use: Scroll            |       |     9 |       ||     9
         Potion            |       |     3 |       ||     3
 Armour: Robe              |     5 |    38 |       ||    43
  Dodge: Dodged            |    33 |   120 |    12 ||   165
